 Dungeon Crawl Stone Soup version 0.17.1-3-g152610e (webtiles) character file.

164 Gargoyl the Skirmisher (level 5, -1/42 HPs)
             Began as a Demonspawn Abyssal Knight on Mar 6, 2016.
             Was a Believer of Lugonu.
             Slain by Natasha (3 damage)
             ... on level 3 of the Dungeon.
             The game lasted 00:05:24 (3246 turns).

Gargoyl the Skirmisher (Demonspawn Abyssal Knight)  Turns: 3246, Time: 00:05:24

Health: -1/42      AC: 10    Str: 18    XL:     5   Next: 21%
Magic:  7/7        EV: 16    Int: 14    God:    Lugonu [**....]
Gold:   128        SH:  0    Dex: 17    Spells: 0 memorised, 4 levels left

rFire  . . .     SeeInvis .     a - +1 hand axe
rCold  . . .     Clarity  .     r - +0 scale mail
rNeg   . . .     SustAt   .     (no shield)
rPois  .         Gourm    .     (no helmet)
rElec  .         Spirit   .     p - +0 cloak
rCorr  .         Warding  .     l - +0 pair of gloves
rMut   .         Stasis   .     (no boots)
MR     .....                    n - amulet of rage
Stlth  +.........               (no ring)
                                (no ring)

@: mighty, agile, not resistant to hostile enchantments, very unstealthy
A: claws 1, molten scales 1, rot immunity
a: Depart the Abyss, Bend Space, Renounce Religion, Evoke Berserk Rage


You were on level 3 of the Dungeon.
You worshipped Lugonu.
Lugonu was pleased with you.
You were not hungry.

You visited 1 branch of the dungeon, and saw 3 of its levels.
You visited the Abyss 1 time.

You collected 128 gold pieces.

Inventory:

Hand Weapons
 a - a +1 hand axe (weapon)
Armour
 l - a +0 pair of gloves (worn)
 p - a +0 cloak (worn)
 r - a +0 scale mail (worn)
Jewellery
 e - a cursed amulet of the gourmand {unknown}
 n - an amulet of rage (around neck)
Wands
 m - a wand of lightning (7)
Scrolls
 c - a scroll of identify
 g - a scroll of enchant weapon
 k - a scroll of remove curse
 q - 2 scrolls of random uselessness {unknown}
Potions
 b - a potion of invisibility {unknown}
 d - a potion of brilliance {unknown}
 f - a potion of heal wounds {unknown}
 i - a potion of might
 j - a potion of agility
 t - a potion of lignification {unknown}
Comestibles
 h - 3 beef jerkies
 o - 2 bread rations
 s - 2 meat rations


   Skills:
 + Level 3.7 Fighting
 + Level 2.7 Axes
 + Level 2.9 Armour
 + Level 2.3 Dodging
 + Level 2.9 Invocations


You had 4 spell levels left.
You didn't know any spells.

Dungeon Overview and Level Annotations

Branches:
Dungeon (3/15)

Altars:

Annotations:
D:3 Natasha


Innate Abilities, Weirdness & Mutations

You have sharp fingernails.
You are partially covered in molten scales (AC +1).
You are immune to rotting.


Message History

It was a potion of might.
You feel very mighty all of a sudden.
The iron imp hits you but does no damage.
Natasha stares at you and mumbles some strange words.
You resist with some effort.
You hit Natasha.
Natasha is almost dead.
You hit the iron imp.
The iron imp is heavily wounded.
The iron imp barely misses you. Natasha misses you.
You closely miss Natasha.
Natasha is almost dead.
You slash the iron imp!
You kill the iron imp!
Natasha claws you.
* * * LOW HITPOINT WARNING * * *
You closely miss Natasha.
Natasha is severely wounded.
Natasha claws you.
You die...

..# #.# #.# ..# #.# #†#
..## #.# #.# ...# #.#
#.# ...##############
#.# #.#######
...'............####.#
#........
8..####...........#
#.####### ...#
#...........##'####'###
...#
#.........@h..........#
...#
#.....................#
...#
#.....................#
...#
#.....................#
...#
#.....................#
...#
#.............÷.......#
...#
###########...........#
...# #...........# ...#
#..†÷)......#


You could see Natasha.

Vanquished Creatures
  Natasha (D:3)
  8 adders
  2 worms (D:2)
  2 giant geckos
  4 bats
  2 giant cockroaches
  9 hobgoblins
  6 jackals
  4 kobolds
  2 ball pythons
  3 giant newts (D:1)
  7 goblins
  4 quokkas
  6 rats (D:1)
60 creatures vanquished.

Vanquished Creatures (others)
  2 starspawn tentacles (Abyss:1)
  24 starspawn tentacle segments (Abyss:1)
26 creatures vanquished.

Grand Total: 86 creatures vanquished

Notes
Turn   | Place    | Note
--------------------------------------------------------------
     0 | Abyss:1  | Gargoyl the Demonspawn Abyssal Knight began the quest for the Orb.
     0 | Abyss:1  | Reached XP level 1. HP: 18/18 MP: 2/2
    54 | Abyss:1  | Noticed a tentacled starspawn
    70 | D:1      | Escaped the Abyss
   303 | D:1      | Reached * piety under Lugonu
   472 | D:1      | Gained mutation: You are immune to rotting. [demonic ancestry]
   472 | D:1      | Reached XP level 2. HP: 12/24 MP: 4/4
  1035 | D:1      | Reached skill level 1 in Dodging
  1322 | D:1      | Gained mutation: You are partially covered in molten scales (AC +1). [demonic ancestry]
  1322 | D:1      | Reached XP level 3. HP: 29/29 MP: 5/5
  1817 | D:2      | Reached ** piety under Lugonu
  1963 | D:2      | Reached XP level 4. HP: 25/35 MP: 6/6
  2939 | D:3      | Noticed Natasha
  2955 | D:3      | Killed Natasha
  2955 | D:3      | Gained mutation: You have sharp fingernails. [demonic ancestry]
  2955 | D:3      | Reached XP level 5. HP: 10/42 MP: 7/7
  3193 | D:3      | Found a faded altar to an unknown god.
  3228 | D:3      | Noticed Natasha
  3245 | D:3      | HP: 2/42 [Natasha (5)]
  3246 | D:3      | Slain by Natasha

Action                   |  1- 3 |  4- 6 || total
-------------------------+-------+-------++-------
Melee: Hand axe          |   126 |    96 ||   222
Invok: Depart the Abyss  |     1 |       ||     1
 Abil: Evoke Berserk Rag |       |     1 ||     1
  Use: Scroll            |       |     3 ||     3
       Potion            |       |     2 ||     2
  Eat: Bread ration      |     1 |       ||     1
       Chunk             |       |     4 ||     4
